 Dungeon Crawl Stone Soup version 0.21-a0-110-g8e1637b (webtiles) character file.

1066 nikopol the Thaumaturge (level 8, 0/43 HPs)
             Began as a Deep Elf Fire Elementalist on July 8, 2017.
             Slain by a hornet zombie (11 damage)
             ... on level 5 of the Dungeon.
             The game lasted 00:18:59 (5332 turns).

nikopol the Thaumaturge (DEFE)                      Turns: 5332, Time: 00:18:59

Health: 0/43       AC:  3    Str:  7    XL:     8   Next: 7%
Magic:  15/22      EV: 13    Int: 23    God:
Gold:   219        SH:  0    Dex: 15    Spells: 17/23 levels left

rFire    . . .     SeeInvis .   i - +2 dagger (freeze)
rCold    . . .     Gourm    .   (no shield)
rNeg     . . .     Faith    .   a - +0 robe
rPois    .         Spirit   .   (no helmet)
rElec    .         Reflect  .   (no cloak)
rCorr    .         Harm     .   (no gloves)
MR       .....                  x - +0 pair of boots
Stlth    ++........             (no amulet)
HPRegen  0.14/turn              w - +2 ring of strength
MPRegen  0.18/turn              y - ring of flight

@: no status effects
A: no striking features
a: Evoke Flight


You were on level 5 of the Dungeon.
You were not hungry.

You visited 1 branch of the dungeon, and saw 5 of its levels.

You collected 219 gold pieces.

Inventory:

Hand Weapons
 i - a +2 dagger of freezing (weapon)
 q - a +0 dagger of draining
Armour
 a - a +0 robe (worn)
 x - a +0 pair of boots (worn)
Jewellery
 w - a +2 ring of strength (left hand)
 y - a ring of flight (right hand)
Scrolls
 e - 2 scrolls of teleportation {unknown}
 g - 2 scrolls of fog {unknown}
 h - a scroll of remove curse {unknown}
 j - 3 scrolls of enchant armour {unknown}
 m - 9 scrolls of identify {unknown}
 p - a scroll of recharging {unknown}
 s - a scroll of fear {unknown}
 u - a scroll of enchant weapon {unknown}
 v - 2 scrolls of magic mapping {unknown}
Potions
 d - a potion of degeneration {unknown}
 l - 2 potions of cancellation {unknown}
 n - 4 potions of mutation {unknown}
 o - a potion of lignification {unknown}
 r - 2 potions of ambrosia {unknown}
 t - a potion of berserk rage {unknown}
 z - a potion of curing {unknown}
 A - a potion of flight {unknown}
 B - 2 potions of brilliance {unknown}
 D - a potion of resistance {unknown}
Books
 b - a book of Flames

   Spells                             Type                      Level
   a - Flame Tongue                   Conjuration/Fire             1
   b - Throw Flame                    Conjuration/Fire             2
   c - Conjure Flame                  Conjuration/Fire             3
   d - Inner Flame                    Hexes/Fire                   3
   e - Sticky Flame                   Conjuration/Fire             4
   f - Fireball                       Conjuration/Fire             5
Comestibles
 c - 5 bread rations
 f - a meat ration
 k - 3 fruits
 C - 3 royal jellies


   Skills:
 + Level 1.0 Fighting
 + Level 0.2 Short Blades
 + Level 2.7 Dodging
 + Level 3.4 Stealth
 + Level 8.0 Spellcasting
 + Level 5.4 Conjurations
 + Level 6.2 Fire Magic


You had 17 spell levels left.
You knew the following spells:

 Your Spells              Type           Power        Failure   Level  Hunger
a - Flame Tongue          Conj/Fire      #####        1%          1    None
b - Throw Flame           Conj/Fire      #####.       1%          2    None
c - Conjure Flame         Conj/Fire      #####...     1%          3    None


Dungeon Overview and Level Annotations

Branches:
Dungeon (5/15)
 Temple: D:4-7

Altars:
Ru
Sif Muna
Wu Jian
Xom


Message History

The hornet zombie hits you.
Casting: Flame Tongue
Confirm with . or Enter, or press ? or * to list all spells.
Aiming: Flame Tongue
Press: ? - help, Shift-Dir - straight line, f/p - hornet zombie
Aim: a hornet zombie (heavily damaged)
The flame tongue hits the hornet zombie.
The hornet zombie is heavily damaged.
The hornet zombie misses you.
Casting: Flame Tongue
Confirm with . or Enter, or press ? or * to list all spells.
Aiming: Flame Tongue
Press: ? - help, Shift-Dir - straight line, f/p - hornet zombie
Aim: a hornet zombie (heavily damaged)
The flame tongue hits the hornet zombie.
The hornet zombie is severely damaged.
The hornet zombie hits you!
* * * LOW HITPOINT WARNING * * *
The hornet zombie hits you!
You die...

.#...# #.#
#.##.#
...###
#.###....#
#...#
#........#
....#
######...##
.##..#
#....# #
#### ##...#
###..#
##..###
.##.####
#.>...#
#.##.#_#
#..#@..#
##.##.##
#.##Z..#
###..## #.
#...# #
#### ..
#...# ..
#...# ..
#...# #####


You could see a hornet zombie.

Vanquished Creatures
  Eustachio (D:4)
  A black bear (D:4)
  2 phantoms (D:4)
  2 ogres
  A scorpion (D:4)
  A jelly (D:5)
  A hound (D:4)
  An orc priest (D:4)
  A bullfrog skeleton (D:4)
  3 iguanas
  An orc wizard (D:4)
  A hound zombie (D:4)
  3 adders
  7 gnolls
  A shadow imp (D:4)
  2 oozes
  2 dart slugs (D:2)
  3 leopard geckos
  9 orcs
  A ball python (D:4)
  4 giant cockroaches
  11 goblins
  6 hobgoblins
  4 jackals (D:2)
  5 quokkas
  5 bats
  4 frilled lizards
  7 kobolds
  A quokka zombie (D:5)
  6 rats
97 creatures vanquished.

Notes
Turn   | Place    | Note
-------+----------+-------------------------------------------
     0 | D:1      | nikopol the Deep Elf Fire Elementalist began the quest for the Orb.
     0 | D:1      | Reached XP level 1. HP: 10/10 MP: 6/6
   194 | D:1      | Reached XP level 2. HP: 15/15 MP: 1/8
   741 | D:1      | Learned a level 2 spell: Throw Flame
  1172 | D:2      | Reached XP level 3. HP: 8/19 MP: 6/9
  1805 | D:2      | Found a sacrificial altar of Ru.
  2395 | D:3      | Found a deep blue altar of Sif Muna.
  2397 | D:3      | Reached XP level 4. HP: 24/24 MP: 9/11
  2499 | D:3      | Learned a level 3 spell: Conjure Flame
  3062 | D:3      | Reached skill level 4 in Spellcasting
  3234 | D:4      | Reached XP level 5. HP: 8/28 MP: 4/13
  3494 | D:4      | Noticed an ogre
  3499 | D:4      | Killed an ogre
  3499 | D:4      | Reached skill level 5 in Spellcasting
  3499 | D:4      | Reached skill level 5 in Fire Magic
  3499 | D:4      | Reached XP level 6. HP: 33/33 MP: 4/15
  3982 | D:4      | Reached skill level 6 in Spellcasting
  4303 | D:4      | Reached XP level 7. HP: 37/37 MP: 6/18
  4431 | D:4      | Noticed Eustachio
  4467 | D:4      | Killed Eustachio
  4467 | D:4      | Reached skill level 7 in Spellcasting
  4646 | D:4      | Reached skill level 1 in Fighting
  4715 | D:4      | Reached skill level 5 in Conjurations
  5009 | D:5      | Entered Level 5 of the Dungeon
  5069 | D:5      | Found a shimmering altar of Xom.
  5077 | D:5      | Found a shimmering altar of Xom.
  5077 | D:5      | Found a shimmering altar of Xom.
  5112 | D:5      | Found a shimmering altar of Xom.
  5112 | D:5      | Found a shimmering altar of Xom.
  5114 | D:5      | Found a shimmering altar of Xom.
  5148 | D:5      | Found an ornate altar of the Wu Jian Council.
  5188 | D:5      | Reached XP level 8. HP: 43/43 MP: 12/21
  5195 | D:5      | Reached skill level 8 in Spellcasting
  5332 | D:5      | Slain by a hornet zombie

Vault maps used:
D:1:      minmay_arrival_checkered_box
D:2:      nicolae_ru_the_path_less_chosen
D:3:      led_sif_pool, first_bread, dk_noncrumbling_4
D:4:      black_bear_nest_1, uniq_eustachio
D:5:      marbit_many_paths, xom_redecorated, nicolae_overflow_hidden_temple,
          minmay_temple_entry_statues_fountains

Skill      XL: |  1  2  3  4  5  6  7  8 |
---------------+-------------------------+-----
Fire Magic     | 4 5 6 |  6.2
Conjurations   | 2 3 4 5 |  5.4
Stealth        | 3 |  3.4
Spellcasting   | 4 5 6 7 8 |  8.0
Fighting       | 1 |  1.0
Short Blades   | |  0.2
Dodging        | |  2.7

Action                   |  1- 3 |  4- 6 |  7- 9 || total
-------------------------+-------+-------+-------++-------
Melee: Dagger            |     2 |       |     3 ||     5
 Cast: Flame Tongue      |    80 |   111 |    59 ||   250
       Conjure Flame     |       |     4 |     4 ||     8
       Throw Flame       |       |     7 |    12 ||    19
  Eat: Chunk             |     4 |     6 |     3 ||    13
Armor: Robe              |     7 |     4 |     2 ||    13
Dodge: Dodged            |    15 |    19 |    12 ||    46
